Map: Ascension to Aiur LE

Players

Juxtapose

  • Race: Zerg Zerg
  • Spawn Location: 5:00

AresXIII - Winner!

  • Race: Zerg Zerg
  • League: Platinum
  • Spawn Location: 11:00

VOD

https://youtu.be/jdVfn2jSWEo

Description

Yeah, Platinum opponents really are beyond me at this point. In Silver and Gold, I can fast tech to Mutalisks in the mirror match to get the win, but that doesn't work here as they're too good with Zergling and Banelings in the early game.

It's pretty easy to see where I lost this match.

Well, what I think I'll start doing is toying with Zerglings and Banelings myself in the early game while more slowly making my way to a Spire.

I'm also wondering how well Ravagers would have helped in the end?

Time

  • Played on: June 3, 2017, 3:06 p.m.
  • Length: 15:28
Show
View Real Time Build Order
Export as new Build Order

Juxtapose Zerg 

Build Orders: Pool First 

Get SALT Encoding   

  12  0:01  Drone  
  13  0:13  Overlord  
  13  0:18  Drone  
  14  0:33  Drone x2  
  16  0:44  Spawning Pool  
  16  0:47  Drone  
  16  0:56  Drone  
  17  1:02  Extractor  
  17  1:03  Drone  
  17  1:09  Overlord  
  18  1:18  Drone  
  18  1:34  Queen  
  18  1:35  Drone  
  21  1:46  Drone  
  22  1:47  Hatchery  
  22  1:53  Spine Crawler  
  20  1:58  Drone  
  21  2:03  Drone  
  22  2:11  Overlord  
  22  2:25  Zergling x2, Extractor  
  22  2:39  Zergling x2  
  22  2:43  Drone x2  
  25  2:45  Drone  
  25  2:49  Metabolic Boost  
  26  2:57  Zergling x4  
  28  3:00  Drone, Queen  
  31  3:12  Drone  
  32  3:17  Spine Crawler  
  33  3:25  Lair  
  31  3:29  Zergling x4  
  31  3:30  Zergling x6  
  36  3:35  Overlord  
  36  3:49  Drone, Evolution Chamber  
  36  4:12  Queen  
  38  4:21  Drone x3  
  38  4:22  Drone x3  
  38  4:23  Overlord  
  44  4:33  Spire  
  43  5:03  Drone x5  
  43  5:04  Drone  
  49  5:07  Extractor  
  49  5:08  Extractor  
  49  5:10  Drone  
  48  5:27  Drone x4  
  52  5:30  Overlord x3  
  52  5:49  Mutalisk x6  
  55  6:07  Mutalisk x4  
  51  6:17  Queen  
  44  6:24  Mutalisk  
  24  6:52  Queen  
  26  6:56  Drone x2  
  28  7:36  Drone  
  29  7:56  Drone  
  30  8:16  Drone  
  31  8:27  Drone  
  32  9:00  Drone  
  32  9:01  Drone x2  
  36  9:17  Drone x2  
  37  9:24  Drone  
  38  9:41  Drone  
  38  9:42  Drone x2  
  41  9:56  Drone  
  41  9:57  Drone x2  
  28  10:27  Drone  
  27  10:32  Spine Crawler x2  
  25  10:36  Drone x4  
  25  10:37  Drone x2  
  31  10:46  Zergling x4  
  31  10:47  Zergling x4  
  31  10:48  Zergling x2  
  36  11:05  Zergling x10  
  36  11:06  Zergling x4  
  43  11:17  Drone  
  44  11:24  Drone x3  
  47  11:34  Drone  
  47  11:35  Zergling x2  
  49  11:55  Drone  
  49  11:56  Drone x7  
  49  11:57  Drone  
  58  12:08  Infestation Pit  
  57  12:14  Roach Warren  
  56  12:16  Drone x2  
  58  12:25  Zergling x6  
  61  12:31  Drone  
  61  12:36  Drone  
  61  12:37  Drone  
  64  12:49  Pathogen Glands  
  64  12:55  Hatchery  
  64  12:56  Zerg Ground Armor Level 1  
  63  13:00  Drone x2  
  63  13:04  Roach x4  
  73  13:15  Roach  
  73  13:16  Overlord  
  73  13:17  Overlord x2  
  75  13:36  Hive  
  75  13:40  Roach  
  75  13:41  Roach x5  
  87  13:48  Overlord x2  
  86  14:10  Roach x3  
  86  14:11  Roach x4  
  100  14:22  Drone  
  101  14:24  Overlord x3  
  101  14:26  Roach x2  
  101  14:27  Roach  
  107  14:34  Drone  
  78  14:52  Zergling x2  
  78  14:53  Zergling x6  
  56  15:05  Zergling x4  
  57  15:07  Zergling x4  
  57  15:10  Zergling x12  
Show
View Real Time Build Order
Export as new Build Order

AresXIII Zerg - Winner!

Build Orders: Pool First 

Get SALT Encoding   

  12  0:01  Drone  
  13  0:12  Overlord  
  13  0:17  Drone  
  14  0:30  Drone  
  14  0:31  Drone  
  14  0:34  Drone  
  17  0:47  Spawning Pool  
  17  0:49  Drone  
  17  1:12  Hatchery  
  17  1:18  Drone, Extractor  
  16  1:23  Drone, Extractor  
  16  1:25  Drone  
  17  1:36  Queen  
  19  1:48  Zergling x2  
  19  1:50  Drone  
  21  1:55  Drone  
  22  2:05  Overlord  
  22  2:12  Metabolic Boost  
  22  2:23  Queen  
  24  2:31  Evolution Chamber  
  24  2:32  Drone x2  
  24  2:34  Drone  
  26  2:49  Drone, Baneling Nest  
  26  2:50  Drone  
  27  2:52  Drone  
  28  3:02  Drone x2  
  30  3:19  Drone x2  
  32  3:22  Zerg Melee Weapons Level 1  
  32  3:24  Drone x3  
  35  3:28  Drone  
  35  3:30  Overlord  
  36  3:34  Spine Crawler  
  36  3:39  Drone  
  36  3:43  Overlord  
  36  3:52  Drone x3  
  39  3:56  Zergling x2  
  39  4:00  Zergling x2  
  41  4:05  Zergling x2  
  41  4:06  Zergling x8  
  46  4:14  Drone  
  46  4:16  Roach Warren  
  46  4:21  Zergling x2  
  46  4:23  Overlord  
  47  4:27  Lair  
  48  4:31  Zergling x2  
  48  4:36  Drone  
  48  4:37  Zergling x2  
  48  4:38  Zergling x2  
  51  4:43  Overlord  
  51  4:52  Drone  
  52  4:54  Zergling x2  
  52  4:55  Zergling x6  
  56  5:01  Zergling x2  
  56  5:03  Zergling x4  
  59  5:18  Zergling x10  
  64  5:25  Baneling x3  
  64  5:26  Baneling x6  
  64  5:27  Baneling x2  
  64  5:35  Drone x2  
  66  5:37  Extractor  
  66  5:39  Zergling x8, Extractor  
  49  6:37  Spore Crawler  
  49  6:39  Drone x3, Spore Crawler  
  45  6:41  Spore Crawler  
  45  6:43  Spore Crawler  
  45  6:45  Spore Crawler  
  45  6:46  Drone x3  
  41  6:48  Spore Crawler  
  41  6:52  Drone  
  41  6:57  Zerg Missile Weapons Level 1  
  41  6:59  Hydralisk Den  
  40  7:15  Spore Crawler  
  39  7:23  Zergling x4  
  39  7:24  Zergling x6  
  39  7:27  Drone x3  
  39  7:29  Overseer  
  47  7:32  Hydralisk x2  
  51  7:43  Drone  
  52  7:46  Overlord x2  
  52  7:47  Overlord  
  52  7:50  Muscular Augments  
  52  7:54  Centrifical Hooks  
  52  7:58  Overseer  
  52  8:00  Overlord  
  52  8:11  Drone x3  
  55  8:20  Hydralisk x4  
  55  8:23  Overseer  
  63  8:29  Hydralisk  
  65  8:46  Spore Crawler  
  60  9:05  Spore Crawler  
  59  9:12  Drone x2, Extractor  
  59  9:13  Drone x3  
  63  9:21  Baneling x6  
  63  9:22  Baneling x4  
  63  9:26  Hydralisk x3  
  63  9:27  Hydralisk x3  
  63  9:30  Overlord x2  
  75  9:49  Hydralisk x2  
  79  9:54  Hatchery  
  78  10:00  Zerg Ground Armor Level 1  
  78  10:04  Hatchery  
  75  10:35  Hydralisk x3  
  75  10:36  Hydralisk x5  
  75  10:42  Glial Reconstitution  
  91  10:44  Hatchery  
  90  11:01  Roach  
  90  11:02  Overlord x2  
  92  11:08  Overlord x5  
  92  11:18  Queen  
  94  11:22  Hydralisk  
  94  11:25  Hatchery  
  95  11:35  Hydralisk x5  
  105  11:40  Roach  
  105  11:41  Roach  
  105  11:42  Hydralisk x4  
  105  11:43  Hydralisk x2  
  121  11:52  Zergling x4  
  121  11:53  Zergling x2  
  124  11:57  Drone  
  125  12:04  Queen  
  125  12:06  Extractor  
  126  12:11  Extractor  
  126  12:12  Spine Crawler  
  126  12:13  Roach x2  
  126  12:15  Overlord  
  128  12:37  Drone  
  129  12:46  Drone  
  129  12:47  Drone x2  
  132  13:01  Zerg Ground Armor Level 2  
  132  13:03  Zergling x10  
  132  13:04  Zergling x2  
  138  13:07  Hydralisk x4  
  146  13:16  Zergling x4  
  148  13:23  Drone x3  
  148  13:25  Spore Crawler  
  150  13:40  Roach x2  
  150  13:41  Roach x2  
  158  13:47  Drone  
  158  14:17  Drone x2  
  158  14:18  Drone x3  
  158  14:22  Drone x3  
  166  14:26  Spine Crawler  
Tags
 
Add a new tag
Caveats
  • Supply blocks, unpowered buildings, or Contaminate may cause inaccurate times.
  • Supply counts are checked every 10 seconds.